 Dungeon Crawl Stone Soup version 0.27-a0-1139-g28e009f8a6 (webtiles) character file.

Game seed: 6478408094211091418

2767 Zeld the Thrower (level 9, -6/58 HPs)
             Began as an Octopode Fighter on May 7, 2021.
             Was a Follower of Okawaru.
             Mangled by a kobold brigand
             ... wielding a +0 short sword
              (9 damage)
             ... on level 8 of the Dungeon.
             The game lasted 00:17:23 (9388 turns).

Zeld the Thrower (Octopode Fighter)                 Turns: 9388, Time: 00:17:25

Health: -6/58      AC:  1    Str: 18    XL:     9   Next: 69%
Magic:  9/9        EV: 11    Int: 10    God:    Okawaru [*.....]
Gold:   421        SH:  9    Dex: 12    Spells: 8/8 levels left

rFire    + . .     SeeInvis .   x - +4 war axe
rCold    . . .     Faith    .   b - +0 kite shield
rNeg     . . .     Spirit   .   (helmet restricted)
rPois    .         Reflect  .   e - amulet of regeneration
rElec    .         Harm     .   a - ring "Saxung" {rF+ Will+}
rCorr    .         Rampage  .   (no ring)
Will     +....                  (no ring)
Stlth    ++........             (no ring)
HPRegen  1.19/turn              (no ring)
MPRegen  0.11/turn              (no ring)
                                (no ring)
                                (no ring)

@: brilliant, lethally poisoned (-6 -> -7)
A: almost no armour, amphibious, 8 rings, camouflage 1, gelatinous body 1,
(nimble swimmer 1), tentacles
a: Renounce Religion, Heroism


You were on level 8 of the Dungeon.
You worshipped Okawaru.
Okawaru was aware of your devotion.
You visited 2 branches of the dungeon, and saw 9 of its levels.

You collected 421 gold pieces.

Inventory:

Hand Weapons
 x - a +4 war axe (weapon)
Missiles
 q - a poisoned dart
 s - a boomerang (quivered)
Armour
 b - a +0 kite shield (worn)
Jewellery
 a - the ring "Saxung" (left tentacle) {rF+ Will+}
   (You found it on level 7 of the Dungeon)

   [ring of willpower]

   It protects you from fire.
   It increases your willpower.
 e - an amulet of regeneration (around mantle)
Wands
 c - a wand of acid (19)
 w - a wand of flame (14)
Scrolls
 g - 3 scrolls of enchant armour {unknown}
 i - 2 scrolls of identify {unknown}
 j - 4 scrolls of teleportation {unknown}
 m - a scroll of magic mapping {unknown}
 n - a scroll of enchant weapon {unknown}
 p - a scroll of torment {unknown}
 t - a scroll of immolation {unknown}
 y - a scroll of amnesia {unknown}
Potions
 d - 2 potions of brilliance
 f - a potion of invisibility {unknown}
 h - 3 potions of curing {unknown}
 k - 3 potions of cancellation {unknown}
 l - 2 potions of haste {unknown}
 o - 2 potions of lignification {unknown}
 r - 3 potions of attraction {unknown}
 u - a potion of magic {unknown}
 v - a potion of resistance {unknown}


   Skills:
 - Level 4.2 Fighting
 - Level 3.5 Axes
 * Level 11.6 Throwing
 - Level 3.0 Dodging
 - Level 4.2 Shields


You had 8 spell levels left.
You didn't know any spells.
Your spell library contained the following spells:

 Spells                   Type           Power      Damage    Failure   Level
 Magic Dart               Conj           0%         1d3       83%         1
 Searing Ray              Conj           0%         3d3       92%         2
 Confusing Touch          Hex            0%         N/A       99%         3
 Dazzling Flash           Conj/Hex       0%         N/A       99%         3
 Gell's Gravitas          Tloc           0%         N/A       99%         3
 Fulminant Prism          Conj/Hex       0%         3d6       100%        4
 Iskenderun's Mystic Bla  Conj/Tloc      0%         2d3       100%        4
 Petrify                  Tmut/Erth      0%         N/A       100%        4
 Metabolic Englaciation   Hex/Ice        0%         N/A       100%        5
 Yara's Violent Unravell  Hex/Tmut       0%         3d3       100%        5


Dungeon Overview and Level Annotations

Branches:
Dungeon (8/15)             Temple (1/1) D:6
   Lair: D:8-11

Altars:
Cheibriados
Elyvilon
Fedhas
Gozag
Hepliaklqana
Makhleb
Nemelex Xobeh
Okawaru
Qazlal
Ru
Sif Muna
Trog
Uskayaw
Wu Jian
Yredelemnul
Zin
The Shining One

Shops:
D:1 [

Annotations:
D:6 5 runed translucent doors


Innate Abilities, Weirdness & Mutations

You cannot wear most types of armour.
You are amphibious.
You can wear up to eight rings at the same time.
Your skin changes colour to match your surroundings (Stealth+).
Your rubbery body absorbs attacks. (AC +1, EV +1)
((You are camouflaged near water. (Stealth+)))
You have tentacles for arms and can constrict up to eight enemies at once.


Message History

You closely miss the kobold.
You feel sick. You block the centaur's attack. The centaur closely misses you.
The kobold barely misses you. The kobold brigand misses you.
The kobold hits you with a +0 short sword.
The centaur misses you. The centaur barely misses you.
The kobold hits you with a +0 dagger.
The kobold brigand hits you with a +0 short sword!
* * * LOW HITPOINT WARNING * * *
The kobold hits you with a +0 short sword.
* * * LOW HITPOINT WARNING * * *
Okay, then.
You feel sick.
You barely miss the kobold. You grab the kobold. You squeeze the kobold.
You kill the kobold!
Okawaru accepts your kill.
You hit the kobold.
You kill the kobold!
Okawaru accepts your kill.
You feel sick.
The centaur wields a +0 shortbow.
The centaur shoots an arrow.
You block the arrow.
The kobold throws a poisoned dart.
The poisoned dart misses you.
The centaur shoots an arrow.
The arrow barely misses you.
You feel sick.
You are no longer poisoned.
The kobold throws a poisoned dart.
The poisoned dart hits you!
You are poisoned.
The centaur unwields a +0 shortbow.
The centaur hits you.
* * * LOW HITPOINT WARNING * * *
The centaur kicks you.
* * * LOW HITPOINT WARNING * * *
You block the kobold brigand's attack.
You see here a +0 dagger.
It was a potion of brilliance.
You feel clever all of a sudden.
You feel very sick. The centaur hits you.
* * * LOW HITPOINT WARNING * * *
The centaur completely misses you.
The kobold brigand hits you with a +0 short sword!
You die...

##### > ....## ..
##.....
...##.....
.........##
..........#
......K...##
......c@)..#
......K#...##
#.##..###...##
#..........###
...
.......###)...##
...## #.####..
#.)....#
....###..#
#...##.....######
.....#...
#...............#
.........# #.
###..........#


You could see a kobold brigand, a centaur and a kobold.

Vanquished Creatures
  A yak (D:8)
  A water moccasin (D:8)
  An ice beast (D:6)
  2 black bears
  2 ogres
  2 centaurs
  2 phantoms
  5 bullfrogs
  A gnoll sergeant (D:8)
  A scorpion (D:4)
  A water moccasin zombie (D:6)
  4 wights (D:7)
  3 electric eels (D:7)
  A centaur zombie (D:7)
  2 hounds
  2 jellies
  2 centaur skeletons
  6 orc priests
  Jessica (D:3)
  2 gnoll shamans
  6 orc wizards
  A killer bee zombie (D:5)
  A hound skeleton (D:5)
  7 adders
  10 gnolls
  3 ufetubi
  An adder skeleton (D:4)
  2 worms (D:2)
  13 dart slugs
  24 orcs
  5 endoplasms
  3 giant cockroaches (D:1)
  4 goblins
  3 hobgoblins
  8 jackals
  13 kobolds
  4 quokkas
  5 ball pythons
  4 bats
  4 frilled lizards
  7 rats
170 creatures vanquished.

Vanquished Creatures (others)
  7 fungi (D:8)
  10 plants (D:8)
17 creatures vanquished.

Grand Total: 187 creatures vanquished

Notes
Turn   | Place    | Note
-------+----------+-------------------------------------------
     0 | D:1      | Zeld the Octopode Fighter began the quest for the Orb.
     0 | D:1      | Reached XP level 1. HP: 16/16 MP: 1/1
   295 | D:1      | Reached XP level 2. HP: 19/21 MP: 2/2
   574 | D:1      | Reached XP level 3. HP: 26/26 MP: 3/3
   727 | D:1      | Found Munudoev's Antique Armour Boutique.
  1096 | D:2      | Reached XP level 4. HP: 29/33 MP: 4/4
  1495 | D:2      | Found a shimmering blue altar of Sif Muna.
  2180 | D:2      | Reached XP level 5. HP: 34/37 MP: 5/5
  2574 | D:3      | Noticed Jessica
  2580 | D:3      | Killed Jessica
  2737 | D:4      | Found a blossoming altar of Fedhas.
  2940 | D:4      | Reached skill level 1 in Throwing
  3033 | D:4      | Reached skill level 2 in Throwing
  3033 | D:4      | Reached XP level 6. HP: 39/43 MP: 6/6
  3084 | D:4      | Reached skill level 3 in Throwing
  3423 | D:5      | Entered Level 5 of the Dungeon
  3457 | D:5      | Reached skill level 4 in Throwing
  3486 | D:5      | Reached XP level 7. HP: 42/48 MP: 7/7
  3714 | D:5      | Reached skill level 5 in Throwing
  3790 | D:5      | Found a glowing silver altar of Zin.
  3887 | D:5      | Reached skill level 6 in Throwing
  4177 | D:6      | Reached skill level 7 in Throwing
  4177 | D:6      | Reached XP level 8. HP: 34/54 MP: 8/8
  4367 | D:6      | Identified the +8 dagger "Joxkutru" {freeze, rCorr Int+5}
  4608 | D:6      | Found a runed translucent door.
  4615 | D:6      | Found a runed translucent gate.
  4619 | D:6      | Found a runed translucent gate.
  4619 | D:6      | Found a runed translucent gate.
  4622 | D:6      | Found a runed translucent door.
  4623 | D:6      | Noticed a redback
  4623 | D:6      | Noticed a redback
  4655 | D:6      | Found the +9 staff of Olgreb {rPois∞}
  4681 | D:6      | Reached skill level 8 in Throwing
  4740 | D:6      | Found a staircase to the Ecumenical Temple.
  4763 | Temple   | Entered the Ecumenical Temple
  4911 | Temple   | Became a worshipper of Warmaster Okawaru
  5802 | D:7      | Reached skill level 9 in Throwing
  6326 | D:7      | Reached XP level 9. HP: 44/58 MP: 9/9
  6884 | D:7      | Reached skill level 10 in Throwing
  7563 | D:7      | Identified the ring "Saxung" {rF+ Will+}
  9105 | D:8      | Reached * piety under Okawaru
  9106 | D:8      | Reached skill level 11 in Throwing
  9388 | D:8      | Mangled by a kobold brigand

Illustrated notes

Levels and vault maps discovered:
D:1:      wander_arrival_estate, layout_loops_ring, serial_shops,
          nicolae_shop_temple_entry_statues_fountains, corexii_hall_statues_s
D:2:      layout_loops_ring, basic_altar, guppyfry_early_lair_pool
D:3:      layout_rooms, uniq_jessica
D:4:      layout_rooms, amcnicky_altar_gilded
D:5:      layout_rooms, zin_treasury, minmay_holes
D:6:      layout_basic, minmay_temple_entry_slanted,
          minmay_guarded_unrand_staff_of_olgreb
D:7:      kennysheep_slugbush, layout_basic
D:8:      layout_cave_pools, grunt_lair_entry_orc_guard_hut, st_stairs_8
Temple:   minmay_temple_curvy_branch

Skill      XL: |  1  2  3  4  5  6  7  8  9 |
---------------+----------------------------+-----
Axes           | 3 |  3.5
Shields        | 4 |  4.2
Fighting       | 4 |  4.2
Throwing       | 2 4 7 9 11 | 11.6
Dodging        | |  3.0

Action                   |  1- 3 |  4- 6 |  7- 9 || total
-------------------------+-------+-------+-------++-------
Melee: War axe           |    62 |   107 |   224 ||   393
       Constrict         |    14 |    27 |    43 ||    84
       Tentacles         |     8 |    16 |    60 ||    84
Throw: Boomerang         |       |       |    12 ||    12
       Dart              |       |       |    10 ||    10
Invok: Heroism           |       |       |     1 ||     1
  Use: Potion            |       |       |     3 ||     3
 Stab: Sleeping          |    13 |     2 |     2 ||    17
Armor: Skin              |     2 |     8 |     9 ||    19
Dodge: Dodged            |    36 |    56 |   119 ||   211
Block: Kite shield       |    23 |    58 |   158 ||   239

Table legend: (Time is in decaauts)
 A = Elapsed time spent in this place.
 B = Non-inter-level travel time spent in this place.
 C = Inter-level travel time spent in this place.
 D = Time resting spent in this place.
 E = Time spent auto-exploring this place.
 F = Levels seen in this place.
 G = Mean time per level.
                   A        B        C        D        E       F      G
               +--------+--------+--------+--------+--------+-----+--------+
         Total |   9615 |   9414 |    201 |   3326 |   4394 |   9 | 1068.3 |
       Dungeon |   9316 |   9136 |    180 |   3326 |   4128 |   8 | 1164.5 |
        Temple |    298 |    277 |     21 |      0 |    266 |   1 |  298.0 |
               +--------+--------+--------+--------+--------+-----+--------+

Top non-repeatable levels by time:
     D:7: 3709 daAuts
     D:2: 1263 daAuts
     D:6: 1133 daAuts
     D:1: 949 daAuts
     D:5: 728 daAuts
     D:3: 674 daAuts
     D:4: 631 daAuts
  Temple: 298 daAuts
     D:8: 227 daAuts
